 Seeded DCSS version 0.30-a0-743-gbfdf073431 (webtiles) character file.

Game seed: 8569270324503026532 (custom seed)

5 a11behringer the Ducker (level 1, 0/18 HPs)
             Began as a Djinni Gladiator on Feb 8, 2023.
             Slain by a kobold
             ... wielding a +0 whip
              (1 damage)
             ... on level 1 of the Dungeon.
             The game lasted 00:00:27 (36 turns).

a11behringer the Ducker (Djinni Gladiator)            Turns: 36, Time: 00:00:28

Health: 0/18       AC:  4    Str: 13    XL:     1   Next: 88%
Gold:   0          EV: 12    Int:  9    God:
                   SH:  0    Dex: 14

rFire   + + .      SeeInvis .    a - +0 long sword
rCold   x . .      Faith    .    (no shield)
rNeg    . . .      Spirit   .    b - +0 leather armour
rPois   ∞          Reflect  .    c - +0 helmet
rElec   .          Harm     .    (no cloak)
rCorr   .          Rampage  .    (no gloves)
Will    .....                    (boots unavailable)
Stlth   +                        (no amulet)
HPRegen 0.23/turn                (no ring)
MPRegen 0.00/turn                (no ring)

@: flying
A: sickness immunity, fire resistance 2, cold vulnerability 1, float, innate
caster, HP casting, extra vitality 1
a: no special abilities


You were on level 1 of the Dungeon.
You visited 1 branch of the dungeon, and saw 1 of its levels.

Inventory:

Hand Weapons
 a - a +0 long sword (weapon)
Missiles
 d - 3 throwing nets (quivered)
 e - a javelin
Armour
 b - a +0 leather armour (worn)
 c - a +0 helmet (worn)


   Skills:
 + Level 2.1 Fighting
 * Level 2.8 Long Blades
 - Level 1.5 Throwing
 + Level 3.3 Dodging
 + Level 0.1 Spellcasting


You couldn't memorise any spells.
You didn't know any spells.
Your spell library was empty.

Dungeon Overview and Level Annotations

Branches:
Dungeon (1/15)

Altars:


Innate Abilities, Weirdness & Mutations

You are immune to sickness and miasma.
You are immune to poison.
Your flesh is very heat resistant. (rF++)
You are vulnerable to cold. (rC-)
You float through the air rather than walking.
You learn spells naturally, not from books.
Your magical power is your life essence.
You have superior vitality. (+4 MHP)


Message History

The bat closely misses you. The kobold closely misses you.
You hit the kobold.
You kill the kobold!
The bat closely misses you. The bat barely misses you.
The kobold hits you but does no damage. The kobold barely misses you.
You barely miss the bat. The bat barely misses you.
The kobold closely misses you.
You barely miss the goblin. The goblin hits you with a +0 club.
The kobold barely misses you.
You hit the goblin.
You kill the goblin!
The bat completely misses you. The kobold hits you but does no damage.
You barely miss the bat. The bat hits you but does no damage.
The bat closely misses you. The kobold closely misses you.
You barely miss the bat. The bat barely misses you.
The kobold barely misses you. The kobold hits you with a +0 whip.
The kobold hits you with a +0 short sword.
You closely miss the kobold. The kobold hits you with a +0 whip.
The kobold hits you with a +0 short sword.
You are too injured to fight recklessly!
You are too injured to fight recklessly!
You are too injured to fight recklessly!
You barely miss the kobold. The kobold hits you with a +0 whip.
* * * LOW HITPOINT WARNING * * *
The kobold hits you with a +0 short sword.
* * * LOW HITPOINT WARNING * * *
You barely miss the kobold.
A goblin comes into view. It is wielding a +0 club.
The kobold hits you with a +0 whip.
* * * LOW HITPOINT WARNING * * *
The kobold hits you but does no damage.
The goblin shouts!
You hit the kobold.
The kobold is moderately wounded.
The kobold closely misses you.
The kobold hits you with a +0 short sword.
* * * LOW HITPOINT WARNING * * *
The kobold hits you with a +0 whip.
You die...

.........#......
..........#......
....>...........
............... #
.............# .#
.............###.###
..[....g...b##.....#
...........gK@.....#
...#.......##K....#
### #..#.##...........
...##..............#..
.............#.....# .
.........###.........
#.......# ..#.##..#..
....#...######## #....
...##...#8.8##


You could see 2 goblins, a bat and 2 kobolds.

Vanquished Creatures
  A dart slug (D:1)
  A goblin (D:1)
  A kobold (D:1)
3 creatures vanquished.

Notes
Turn   | Place    | Note
-------+----------+-------------------------------------------
     0 | D:1      | a11behringer the Djinni Gladiator began the quest for the
                  | Orb.
     0 | D:1      | Reached XP level 1. HP: 18/18 MP: 0/0
    36 | D:1      | Slain by a kobold

Illustrated notes

Levels and vault maps discovered:
D:1:      mrwooster_arrival_statue_2, layout_rooms

Action                     || total
---------------------------++-------
  Melee: Long sword        ||    13
 Armour: Leather armour    ||     7
  Dodge: Dodged            ||    20

Table legend: (Time is in decaauts)
 A = Elapsed time spent in this place.
 B = Non-inter-level travel time spent in this place.
 C = Inter-level travel time spent in this place.
 D = Time resting spent in this place.
 E = Time spent auto-exploring this place.
 F = Levels seen in this place.
 G = Mean time per level.
                   A        B        C        D        E       F      G
               +--------+--------+--------+--------+--------+-----+--------+
         Total |     38 |     35 |      3 |      0 |      7 |   1 |   38.0 |
       Dungeon |     38 |     35 |      3 |      0 |      7 |   1 |   38.0 |
               +--------+--------+--------+--------+--------+-----+--------+

Top non-repeatable levels by time:
     D:1: 38 daAuts
